 Dungeon Crawl Stone Soup version 0.17.1-2-g5865329 (webtiles) character file.

155 Mysteryquy the Firebug (level 5, -2/38 HPs)
             Began as a Draconian Fire Elementalist on Jan 26, 2016.
             Killed from afar by Blork the orc (5 damage)
             ... with a puff of flame
             ... on level 4 of the Dungeon.
             The game lasted 00:04:38 (2993 turns).

Mysteryquy the Firebug (DrFE)                       Turns: 2993, Time: 00:04:38

Health: -2/38      AC:  7    Str: 11    XL:     5   Next: 14%
Magic:  1/9        EV: 12    Int: 16    God:
Gold:   221        SH:  0    Dex: 11    Spells: 2 memorised, 5 levels left

rFire  . . .     SeeInvis .     d - +2 dagger (freeze)
rCold  . . .     Clarity  .     (armour unavailable)
rNeg   . . .     SustAt   .     (no shield)
rPois  .         Gourm    .     (helmet restricted)
rElec  .         Spirit   .     (no cloak)
rCorr  .         Warding  .     o - +0 pair of gloves
rMut   .         Stasis   .     z - +0 pair of boots
MR     .....                    (no amulet)
Stlth  ++........               (no ring)
                                (no ring)

@: very slightly contaminated, not resistant to hostile enchantments, unstealthy
A: unfitting armour, cold-blooded, AC +5
a: no special abilities


You were on level 4 of the Dungeon.
You were very hungry.

You visited 1 branch of the dungeon, and saw 4 of its levels.

You collected 221 gold pieces.

Inventory:

Hand Weapons
 d - a +2 dagger of freezing (weapon)
Armour
 o - a +0 pair of gloves (worn)
 z - a +0 pair of boots (worn)
Jewellery
 c - an uncursed ring of protection from cold {unknown}
 r - an uncursed ring of flight {unknown}
Scrolls
 g - a scroll of enchant weapon {unknown}
 h - 3 scrolls of teleportation {unknown}
 k - 2 scrolls of fear {unknown}
 n - 2 scrolls of remove curse {unknown}
 p - a scroll of magic mapping {unknown}
 x - a scroll of blinking {unknown}
 y - 2 scrolls of identify {unknown}
Potions
 e - 3 potions of curing {unknown}
 i - a potion of magic {unknown}
 j - 2 potions of heal wounds {unknown}
 l - a potion of might {unknown}
 m - a potion of mutation {unknown}
 q - 2 potions of brilliance {unknown}
 s - a potion of haste {unknown}
 t - a potion of degeneration {unknown}
 v - a potion of flight {unknown}
 w - 2 potions of poison {unknown}
Books
 a - a book of Flames

   Spells                             Type                      Level
   a - Flame Tongue                   Conjuration/Fire             1
   b - Throw Flame                    Conjuration/Fire             2
   c - Conjure Flame                  Conjuration/Fire             3
   d - Inner Flame                    Hexes/Fire                   3
   e - Sticky Flame                   Conjuration/Fire             4
   f - Fireball                       Conjuration/Fire             5
Comestibles
 b - 2 bread rations
 f - a beef jerky
 u - 3 meat rations


   Skills:
 + Level 2.4 Dodging
 - Level 1.9 Stealth
 + Level 2.9 Spellcasting
 + Level 2.2 Conjurations
 + Level 4.4 Fire Magic


You had 5 spell levels left.
You knew the following spells:

 Your Spells              Type           Power        Failure   Level  Hunger
a - Flame Tongue          Conj/Fire      ##...        6%          1    #......
b - Conjure Flame         Conj/Fire      ##......     14%         3    ###....


Dungeon Overview and Level Annotations

Branches:
Dungeon (4/15)
 Temple: D:4-7

Altars:
Cheibriados
Okawaru
Trog
Zin

Annotations:
D:4 Blork the orc


Innate Abilities, Weirdness & Mutations

Your plain brown scales are hard (AC +5).
Your body does not fit into most forms of armour.
You are cold-blooded and may be slowed by cold attacks.


Message History

Casting: Flame Tongue
Confirm with . or Enter, or press ? or * to list all spells.
You can't see any susceptible monsters within range! (Use Z to cast anyway.)
Casting: Flame Tongue
Confirm with . or Enter, or press ? or * to list all spells.
You can't see any susceptible monsters within range! (Use Z to cast anyway.)
Casting: Flame Tongue
Confirm with . or Enter, or press ? or * to list all spells.
You can't see any susceptible monsters within range! (Use Z to cast anyway.)
You hear some strange, mumbled words.
A puff of flame appears from out of thin air!
The puff of flame hits you!
* * * LOW HITPOINT WARNING * * *
A magic dart appears from out of thin air!
The magic dart hits you!
* * * LOW HITPOINT WARNING * * *
You hear some strange, mumbled words.
A puff of flame appears from out of thin air!
The puff of flame hits you!
You die...

#. #.## ...#
##..# ##...##
#..... ##########
#...# #.@......#
#..####.######.#
#.$.....# #.#
#.####### #.# #+
###.### #.#
#.....# ...
##.#.#.# #.#
##....#.# ..#
####....##.#####.


There were no monsters in sight!

Vanquished Creatures
  A giant frog skeleton (D:4)
  5 adders (D:2)
  A gnoll (D:1)
  2 oozes (D:1)
  3 worms
  3 orcs (D:3)
  6 goblins
  3 hobgoblins
  3 jackals (D:3)
  A quokka (D:3)
  6 bats
  7 giant cockroaches
  A giant gecko (D:2)
  2 giant newts (D:1)
  4 kobolds (D:1)
  6 rats
54 creatures vanquished.

Notes
Turn   | Place    | Note
--------------------------------------------------------------
     0 | D:1      | Mysteryquy the Draconian Fire Elementalist began the quest for the Orb.
     0 | D:1      | Reached XP level 1. HP: 14/14 MP: 3/3
   195 | D:1      | Reached XP level 2. HP: 11/20 MP: 0/5
   536 | D:1      | Reached XP level 3. HP: 23/26 MP: 4/6
  1148 | D:2      | Reached skill level 4 in Fire Magic
  1362 | D:2      | Reached XP level 4. HP: 33/33 MP: 4/7
  1394 | D:2      | Found a faded altar to an unknown god.
  1501 | D:2      | Found a snail-covered altar of Cheibriados.
  2247 | D:3      | Found a glowing silver altar of Zin.
  2250 | D:3      | Found an iron altar of Okawaru.
  2253 | D:3      | Found a bloodstained altar of Trog.
  2853 | D:4      | Reached XP level 5. HP: 38/38 MP: 2/9
  2880 | D:4      | Learned a level 3 spell: Conjure Flame
  2970 | D:4      | Noticed Blork the orc
  2993 | D:4      | Killed from afar by Blork the orc

Action                   |  1- 3 |  4- 6 || total
-------------------------+-------+-------++-------
Melee: Dagger            |     8 |    12 ||    20
       Unarmed           |     4 |       ||     4
 Cast: Flame Tongue      |    49 |    62 ||   111
       Conjure Flame     |       |     1 ||     1
  Eat: Chunk             |     2 |     4 ||     6
